 Dungeon Crawl Stone Soup version 0.21-a0-55-gb612c23 (webtiles) character file.

104 Nicocat the Conjurer (level 4, -5/27 HPs)
             Began as an Octopode Conjurer on June 14, 2017.
             Slain by an ogre
             ... wielding a +0 giant spiked club
              (32 damage)
             ... on level 3 of the Dungeon on June 15, 2017.
             The game lasted 00:09:18 (1943 turns).

Nicocat the Conjurer (Octopode Conjurer)            Turns: 1943, Time: 00:09:19

Health: -5/27      AC:  1    Str:  7    XL:     4   Next: 80%
Magic:  5/8        EV: 13    Int: 18    God:
Gold:   100        SH:  0    Dex: 12    Spells: 2/8 levels left

rFire    . . .     SeeInvis .   q - +0 hand axe
rCold    . . .     Gourm    .   (no shield)
rNeg     . . .     Faith    .   (helmet restricted)
rPois    .         Spirit   .   (no amulet)
rElec    .         Reflect  .   (no ring)
rCorr    .         Harm     .   (no ring)
MR       .....                  (no ring)
Stlth    +++.......             (no ring)
HPRegen  0.09/turn              (no ring)
MPRegen  0.11/turn              (no ring)
                                (no ring)
                                (no ring)

@: about to teleport
A: almost no armour, stealthy swim, amphibious, 8 rings, constrict 8, camouflage
1, gelatinous body 1
a: no special abilities


You were on level 3 of the Dungeon.
You were not hungry.

You visited 1 branch of the dungeon, and saw 3 of its levels.

You collected 100 gold pieces.

Inventory:

Hand Weapons
 d - a +0 mace
 q - a +0 hand axe (weapon)
Missiles
 f - 53 stones (quivered)
Jewellery
 o - an uncursed amulet of harm {unknown}
Scrolls
 e - a scroll of teleportation
 i - a scroll of remove curse
 j - 2 scrolls of fog {unknown}
Potions
 g - 3 potions of might {unknown}
 h - 3 potions of curing {unknown}
 m - a potion of mutation {unknown}
 n - a potion of magic {unknown}
 p - a potion of cancellation {unknown}
Books
 a - a book of Conjurations

   Spells                             Type                      Level
   a - Magic Dart                     Conjuration                  1
   b - Searing Ray                    Conjuration                  2
   c - Dazzling Spray                 Conjuration/Hexes            3
   d - Fulminant Prism                Conjuration/Hexes            4
   e - Force Lance                    Conjuration/Translocation    4
   f - Iskenderun's Mystic Blast      Conjuration                  4
Comestibles
 b - 3 bread rations
 c - 5 chunks of flesh
 l - a meat ration


   Skills:
 - Level 2.0 Dodging
 - Level 2.6 Stealth
 + Level 2.8 Spellcasting
 + Level 5.4 Conjurations
 * Level 0.8 Hexes


You had 2 spell levels left.
You knew the following spells:

 Your Spells              Type           Power        Failure   Level  Hunger
a - Magic Dart            Conj           ###.         1%          1    None
b - Searing Ray           Conj           ###...       2%          2    ##.....
c - Dazzling Spray        Conj/Hex       ##....       14%         3    ###....


Dungeon Overview and Level Annotations

Branches:
Dungeon (3/15)

Altars:
Elyvilon


Innate Abilities, Weirdness & Mutations

You cannot wear most types of armour.
You are very stealthy in the water. (Stealth+)
You are amphibious.
You can wear up to eight rings at the same time.
You can use your tentacles to constrict eight enemies at once.
Your skin changes colour to match your surroundings (Stealth+).
Your rubbery body absorbs attacks. (AC +1, EV +1)


Message History

Your magical contamination has completely faded away.
As you read the scroll labeled RUOGROXECI, it crumbles to dust.
It is a scroll of identify.
i - a scroll of remove curse The ogre closely misses you.
As you read the scroll labeled MYSMACSEDOIL, it crumbles to dust.
It is a scroll of amnesia.
Forget which spell ([?*] list [ESC] exit)?
Forget which spell ([?*] list [ESC] exit)?
Okay, then.
Unknown command.
Casting: Searing Ray
Confirm with . or Enter, or press ? or * to list all spells.
Okay, then.
Okay, then.
As you read the scroll labeled EQUAQA ZEIWK, it crumbles to dust.
You feel strangely unstable.
It was a scroll of teleportation.
The ogre hits you with a giant spiked club!!
Ouch! That really hurt!
You die...

#######..#......#.........
#.......##......#.........#
#####.#.g#####......#.........#
###......).....................##
.........g.#####......#.........#
#.).[....#.## #......#.......†.#
..##.#...>..## #......#.........#
.###.#.####..##########....)....#
## #.#g# #....>@O#####.........#
# #.#.# #.#####.g..###.........
#.#.# ##<########g..#......###
####.#.###.......gg......########
............##########.#####.....
####.#.####.....## #..###......
............#..######..........
####...######...........##.......
#...# #####.#####..........


You could see an ogre and 2 goblins.

Vanquished Creatures
  A gnoll (D:1)
  2 adders (D:2)
  2 worms (D:2)
  3 dart slugs (D:2)
  3 orcs (D:3)
  9 bats
  3 giant cockroaches
  7 goblins
  7 hobgoblins
  11 kobolds
  2 quokkas
  A ball python (D:2)
  2 frilled lizards
  7 rats
60 creatures vanquished.

Notes
Turn   | Place    | Note
-------+----------+-------------------------------------------
     0 | D:1      | Nicocat the Octopode Conjurer began the quest for the Orb.
     0 | D:1      | Reached XP level 1. HP: 11/11 MP: 3/3
     0 | D:1      | Noticed a draconian
     2 | D:1      | Noticed a human
     4 | D:1      | Noticed a draconian
     5 | D:1      | Noticed an ogre
     6 | D:1      | Noticed a gargoyle
     7 | D:1      | Noticed a gargoyle
     8 | D:1      | Noticed a vampire
    10 | D:1      | Noticed a gargoyle
    10 | D:1      | Noticed a gargoyle
    12 | D:1      | Noticed a spriggan
    12 | D:1      | Noticed a centaur
    14 | D:1      | Noticed an elf
    14 | D:1      | Noticed a spriggan
    14 | D:1      | Noticed a dwarf
    16 | D:1      | Noticed an elf
    16 | D:1      | Noticed an elf
    18 | D:1      | Noticed a gargoyle
    18 | D:1      | Noticed a spriggan
   133 | D:1      | Reached XP level 2. HP: 13/17 MP: 1/5
   199 | D:1      | Learned a level 2 spell: Searing Ray
   348 | D:1      | Reached XP level 3. HP: 21/21 MP: 1/6
   353 | D:1      | Learned a level 3 spell: Dazzling Spray
  1062 | D:2      | Reached skill level 5 in Conjurations
  1088 | D:2      | Reached XP level 4. HP: 27/27 MP: 2/8
  1275 | D:2      | Found a white marble altar of Elyvilon.
  1903 | D:3      | Noticed an ogre
  1943 | D:3      | Slain by an ogre

Vault maps used:
D:1:      shiori_arrival_whats_in_store_for_you
D:2:      first_bread, elyvilon_altar_3
D:3:      minmay_ogre_servants

Skill      XL: |  1  2  3 |
---------------+----------+-----
Conjurations   | 5 |  5.4
Dodging        | |  2.0
Stealth        | |  2.6
Spellcasting   | |  2.8
Hexes          | |  0.8

Action                   |  1- 3 |  4- 6 || total
-------------------------+-------+-------++-------
Melee: Mace              |     7 |       ||     7
       Constrict         |     2 |       ||     2
       Unarmed           |     1 |       ||     1
       Tentacles         |     1 |       ||     1
 Cast: Magic Dart        |    49 |    37 ||    86
       Searing Ray       |     3 |     4 ||     7
  Use: Scroll            |       |     3 ||     3
  Eat: Chunk             |     1 |     3 ||     4
Armor: Skin              |     2 |       ||     2
Dodge: Dodged            |     7 |     4 ||    11
